[Event "Titled Tuesday Blitz October 11 Late 2022"]
[White "Atakishiyev, Elmar"]
[Black "Vivas Zamora, Fabian Ernesto"]
[WhiteFideId "13410547"]
[BlackFideId "3902480"]
[WhiteElo "2203"]
[BlackElo "2236"]
[Result "0-1"]
[Round "03"]
[TimeControl "180+1"]
[Date "2022.10.12"]
[WhiteClock "0:00:01"]
[BlackClock "0:00:05"]

1. e4 e5 2. Nf3 Nc6 3. Nc3 Nf6 4. a3 d5 5. Bb5 Nxe4 6. Qe2 Qd6 7. Nxd5 Qxd5 8. Bc4 Qd7 9. Qxe4 Qg4 10. Bd5 Qxe4+ 11. Bxe4 Bd6 12. O-O Bd7 13. Re1 O-O-O 14. Bxc6 Bxc6 15. Nxe5 Rhe8 16. Nd3 Be4 17. Kf1 Bxh2 18. f3 Bxd3+ 19. cxd3 Rxe1+ 20. Kxe1 Bg3+ 21. Kd1 Re8 22. b4 Re1+ 23. Kc2 Be5 24. Rb1 Kd7 25. Rb3 Re2 26. d4 Bg3 27. Kd3 Rxg2 28. Ke4 g6 29. f4 Bh4 30. Kf3 Rg3+ 31. Ke2 Rxb3 0-1


[Site "https://www.chess.com"]

[Event "Titled Tuesday Blitz October 11 Late 2022"]
[White "Aung Thant Zin"]
[Black "Romero Ruscalleda, Josep"]
[WhiteFideId "13000063"]
[BlackFideId "2231859"]
[WhiteElo "2278"]
[BlackElo "2384"]
[Result "1-0"]
[Round "03"]
[TimeControl "180+1"]
[Date "2022.10.12"]
[WhiteClock "0:00:07"]
[BlackClock "0:00:32"]

1. e4 g6 2. d4 Bg7 3. Nc3 d6 4. Nf3 a6 5. Be2 b5 6. a3 Bb7 7. O-O Nd7 8. Be3 Ngf6 9. e5 Nd5 10. e6 fxe6 11. Ng5 Nf8 12. Bg4 Nxc3 13. bxc3 Bd5 14. Bf3 h6 15. Ne4 Kf7 16. Re1 Nd7 17. Nd2 Nf6 18. Be2 Rf8 19. c4 bxc4 20. Nxc4 Kg8 21. Nd2 Kh7 22. Bd3 Qd7 23. c4 Bb7 24. Qb1 Rab8 25. Bxg6+ Kh8 26. Qc2 Ng4 27. Be4 e5 28. d5 e6 29. Qd1 Nxe3 30. Rxe3 exd5 31. cxd5 c6 32. Nf3 cxd5 33. Bxd5 Bxd5 34. Qxd5 e4 35. Nd4 Rb2 36. Rf1 Qa7 37. Rxe4 Qc5 38. Qxc5 dxc5 39. Nf3 Ra2 40. Ra4 Bb2 41. Rxa6 Bxa3 42. Rxh6+ Kg7 43. Rc6 Bb4 44. h3 Rc2 45. Rd1 Rf7 46. Ng5 Ra7 47. Ne6+ Kf7 48. Nf4 Raa2 49. Rd7+ Ke8 50. Rh7 Bc3 51. Rc8# 1-0


[Site "https://www.chess.com"]

[Event "Titled Tuesday Blitz October 11 Late 2022"]
[White "Averjanov, Alexey"]
[Black "Mamedov, Rauf"]
[WhiteFideId "14109867"]
[BlackFideId "13401653"]
[WhiteElo "2669"]
[BlackElo "2650"]
[Result "0-1"]
[Round "03"]
[TimeControl "180+1"]
[Date "2022.10.11"]
[WhiteClock "0:00:07"]
[BlackClock "0:00:04"]

1. d4 Nf6 2. c4 e5 3. dxe5 Ng4 4. Nf3 Nc6 5. e3 Ngxe5 6. b3 g6 7. Bb2 Bg7 8. Nxe5 Nxe5 9. Qd2 O-O 10. Be2 b6 11. O-O Bb7 12. Nc3 Qg5 13. Nd5 Bxd5 14. Qxd5 Qe7 15. Bxe5 Bxe5 16. Rad1 Rfd8 17. g3 a5 18. a4 c6 19. Qd3 d5 20. cxd5 Rxd5 21. Qc2 Rc5 22. Qd2 b5 23. Rc1 Rxc1 24. Rxc1 Qa3 25. Rxc6 bxa4 26. bxa4 Qxa4 27. Rb6 Qe4 28. Qd7 a4 29. Rb7 Qf5 30. Qd5 Rf8 31. Bc4 Qf6 32. Ra7 Bc3 33. Rxa4 Rd8 34. Qe4 Be1 35. Ra2 Kg7 36. Kg2 Rd2 37. Rxd2 Bxd2 38. Qd5 Be1 39. f4 Qb2+ 40. Kh3 Qf6 41. e4 h5 42. Kg2 h4 43. e5 Qf5 44. Bd3 Qg4 45. Bc4 Qf5 46. Bd3 Qh5 47. Bc4 g5 48. f5 h3+ 49. Kf1 Bxg3 50. f6+ Kh6 51. hxg3 h2 52. Qh1 Qd1+ 53. Kg2 Qc2+ 54. Kh3 Kh5 55. Bxf7+ Kh6 56. Qxh2 g4+ 57. Kxg4+ Qxh2 58. Be6 Qe2+ 59. Kf5 Qf3# 0-1


[Site "https://www.chess.com"]

[Event "Titled Tuesday Blitz October 11 Late 2022"]
[White "Babazada, Khazar"]
[Black "Hnydiuk, Aleksander"]
[WhiteFideId "13413554"]
[BlackFideId "1109057"]
[WhiteElo "2367"]
[BlackElo "2374"]
[Result "0-1"]
[Round "03"]
[TimeControl "180+1"]
[Date "2022.10.12"]
[WhiteClock "0:00:01"]
[BlackClock "0:00:01"]

1. c3 Nf6 2. f3 d5 3. Qa4+ c6 4. Qh4 e5 5. Kd1 Be7 6. Qe1 O-O 7. h4 c5 8. h5 Nc6 9. d3 e4 10. Nh3 Re8 11. h6 g6 12. Qf2 Bxh3 13. Rxh3 Rc8 14. Bf4 Qb6 15. b3 a5 16. Nd2 a4 17. g4 axb3 18. axb3 Ra8 19. Rb1 Ra2 20. g5 Nd7 21. fxe4 d4 22. Nc4 Qa6 23. cxd4 cxd4 24. Bd2 b5 25. Rf3 Rf8 26. Bh3 bxc4 27. Bxd7 c3 28. Rc1 Rxd2+ 29. Ke1 Ne5 30. Rg3 Nxd7 31. Qxd4 Nf6 32. gxf6 Bxf6 33. Qc4 Bh4 34. Qxa6 Bxg3+ 35. Kf1 f6 36. Qb5 c2 37. Qd5+ Kh8 38. Kg2 Be5 39. Qb7 Rg8 40. Qc6 Rxe2+ 41. Kf1 Rh2 42. Rxc2 Rxh6 43. b4 Rh1+ 44. Kg2 Rd1 45. b5 Rxd3 46. b6 Rb3 47. b7 Rb8 48. Qe6 Kg7 49. Qd7+ Kh6 50. Kf1 R3xb7 51. Qh3+ Kg7 52. Qe6 Rb1+ 53. Ke2 R1b7 54. Rd2 Ra7 55. Rd7+ Rxd7 56. Qxd7+ Kh6 57. Qh3+ Kg7 58. Qd7+ Kh6 59. Kd3 Rb6 60. Qh3+ Kg7 61. Qd7+ Kh6 62. Qh3+ Kg7 63. Kc4 Rd6 64. Kc5 Rd4 65. Qb3 h5 66. Qe6 Kh6 67. Qh3 Kg5 68. Qg2+ Kh6 69. Qf3 Rd6 70. Qe3+ Kg7 71. Qb3 g5 72. Qb7+ Kg6 73. Qc8 h4 74. Qf5+ Kg7 75. Qg4 Rd4 76. Kc6 Rd6+ 77. Kc5 Rd4 78. Qf5 Rd6 79. Qf3 Rd4 80. Qh5 Rd6 81. Qe8 Rd4 82. Qe7+ Kg6 83. Qf8 Kh5 84. Qc8 Rd6 85. Qf5 Kh6 86. Qg4 Kg7 87. Qh5 Rd4 88. Kc6 Rxe4 89. Kd5 Rd4+ 90. Ke6 Rd6+ 91. Ke7 Rb6 92. Kd7 Rb7+ 93. Ke6 Ra7 94. Kf5 Re7 95. Qg6+ Kf8 96. Qh5 Kg7 97. Qxg5+ fxg5 0-1


[Site "https://www.chess.com"]

[Event "Titled Tuesday Blitz October 11 Late 2022"]
[White "Banzea, Alexandru-Bogdan"]
[Black "Shapiro, Daniel"]
[WhiteFideId "1232622"]
[BlackFideId "2001780"]
[WhiteElo "2294"]
[BlackElo "2217"]
[Result "1-0"]
[Round "03"]
[TimeControl "180+1"]
[Date "2022.10.12"]
[WhiteClock "0:00:43"]
[BlackClock "0:00:03"]

1. d4 Nf6 2. Bf4 b6 3. Nf3 Bb7 4. e3 e6 5. Nbd2 d6 6. Bd3 Nbd7 7. c3 Qe7 8. e4 e5 9. dxe5 dxe5 10. Bg5 Nc5 11. Bb5+ c6 12. Be2 h6 13. Bh4 Rd8 14. Qc2 g6 15. b4 Ne6 16. Bg3 Nf4 17. Bxf4 exf4 18. O-O Bg7 19. Rfe1 O-O 20. e5 Nd7 21. Bc4 b5 22. Bb3 Nb6 23. Qxg6 Nd5 24. Qc2 Bc8 25. Rad1 Bg4 26. a3 Bh5 27. c4 Bg6 28. Qc1 Nb6 29. c5 Nd5 30. Ne4 Ne3 31. Nf6+ Bxf6 32. exf6 Qxf6 33. fxe3 Rxd1 34. Rxd1 fxe3 35. Qxe3 Kg7 36. Qe5 Qxe5 37. Nxe5 Be4 38. Rd4 1-0


[Site "https://www.chess.com"]

[Event "Titled Tuesday Blitz October 11 Late 2022"]
[White "Barash, Anton"]
[Black "Zomorrodian, Eilia"]
[WhiteFideId "30935229"]
[BlackFideId "12551805"]
[WhiteElo "2283"]
[BlackElo "2078"]
[Result "1-0"]
[Round "03"]
[TimeControl "180+1"]
[Date "2022.10.12"]
[WhiteClock "0:00:19"]
[BlackClock "0:00:59"]

1. e4 c5 2. Nf3 e6 3. d4 cxd4 4. Nxd4 a6 5. c4 Nf6 6. Nc3 Bb4 7. Qd3 Bxc3+ 8. bxc3 d6 9. Be2 O-O 10. O-O Qc7 11. Bg5 Nbd7 12. Rfd1 b6 13. Rab1 Bb7 14. f3 Rac8 15. Qe3 Ne5 16. Bxf6 gxf6 17. Qh6 Qd8 18. f4 Nxc4 19. Rd3 Bxe4 20. Rg3+ Bg6 21. f5 Qd7 22. fxg6 fxg6 23. Rh3 e5 24. Nf3 d5 25. Nh4 Qf7 26. Nxg6 Rfe8 27. Rg3 Qg7 28. Nh4 Qxg3 29. hxg3 Re6 30. Bg4 f5 31. Qxe6+ 1-0


[Site "https://www.chess.com"]

[Event "Titled Tuesday Blitz October 11 Late 2022"]
[White "Barria Zuniga, Daniel"]
[Black "Gorodetzky, David"]
[WhiteFideId "3400816"]
[BlackFideId "2813416"]
[WhiteElo "2414"]
[BlackElo "2487"]
[Result "0-1"]
[Round "03"]
[TimeControl "180+1"]
[Date "2022.10.11"]
[WhiteClock "0:00:01"]
[BlackClock "0:00:02"]

1. d4 Nf6 2. c4 e6 3. Nf3 d5 4. Nc3 dxc4 5. e3 a6 6. Bxc4 b5 7. Bb3 c5 8. O-O Bb7 9. Re1 Nbd7 10. e4 cxd4 11. Nxd4 Nc5 12. e5 Nd5 13. Qg4 Nd3 14. Bg5 Qd7 15. Nxd5 Bxd5 16. Re3 h5 17. Qe2 Nb4 18. Rd1 Rc8 19. a3 Bxb3 20. Nxb3 Nd5 21. Red3 Be7 22. h4 Bxg5 23. hxg5 Qe7 24. Qd2 Rc4 25. Nd4 g6 26. Nf3 Rg4 27. Rxd5 exd5 28. Qxd5 O-O 29. Qc6 Qe6 30. Rd6 Qf5 31. Rf6 Qe4 32. Qxe4 Rxe4 33. Rxa6 b4 34. Ra4 Rb8 35. Kh2 bxa3 36. Rxe4 axb2 37. Nd2 Rd8 38. Nb1 Rd1 39. e6 fxe6 40. Rxe6 Kg7 41. Re7+ Kf8 42. Rb7 Rxb1 43. Kg3 Kg8 44. f3 Kf8 45. Kf4 Ke8 46. Kg3 Kd8 47. Kf4 Kc8 48. Rb3 Kc7 49. Kg3 Kc6 50. f4 Kd5 51. Rb8 Ke4 52. Re8+ Kd4 53. Rd8+ Kc3 54. Rc8+ Kd4 55. Rd8+ Kc5 56. Rc8+ Kd6 57. Rb8 h4+ 58. Kg4 h3 59. Kg3 Ke6 0-1


[Site "https://www.chess.com"]

[Event "Titled Tuesday Blitz October 11 Late 2022"]
[White "Baskakov, Egor"]
[Black "Przybylski, Wojciech"]
[WhiteFideId "24197866"]
[BlackFideId "1117599"]
[WhiteElo "2211"]
[BlackElo "2221"]
[Result "1-0"]
[Round "03"]
[TimeControl "180+1"]
[Date "2022.10.12"]
[WhiteClock "0:00:28"]
[BlackClock "0:00:03"]

1. e4 e5 2. Nc3 Nf6 3. g3 d5 4. exd5 Nxd5 5. Bg2 Nxc3 6. bxc3 Bc5 7. d3 O-O 8. Ne2 Nc6 9. O-O Be6 10. c4 f5 11. Be3 Bd6 12. f4 Qe7 13. fxe5 Nxe5 14. Kh1 c5 15. Nf4 Bd7 16. Bxb7 Rab8 17. Bd5+ Kh8 18. Bg1 Ng4 19. Bg2 Be5 20. Rb1 Bd4 21. Rxb8 Rxb8 22. Nd5 Qg5 23. Qe1 Re8 24. Qc1 Qh5 25. Nf4 Qh6 26. h3 g5 27. Bxd4+ cxd4 28. Nd5 Ne3 29. Nxe3 dxe3 30. Qb2+ Qg7 31. Qxg7+ Kxg7 32. c5 f4 33. gxf4 gxf4 34. Kg1 Bf5 35. h4 Kf6 36. d4 e2 37. Re1 Bxc2 38. Kf2 Bd3 39. Bf3 Rd8 40. d5 Bc4 41. d6 a5 42. c6 Rxd6 43. c7 Be6 44. Rxe2 Bf5 45. Rc2 a4 46. a3 Bc8 47. Rc4 1-0


[Site "https://www.chess.com"]

[Event "Titled Tuesday Blitz October 11 Late 2022"]
[White "Bilan, Danila"]
[Black "Jaracz, Pawel"]
[WhiteFideId "24161918"]
[BlackFideId "1102222"]
[WhiteElo "2203"]
[BlackElo "2459"]
[Result "0-1"]
[Round "03"]
[TimeControl "180+1"]
[Date "2022.10.12"]
[WhiteClock "0:00:10"]
[BlackClock "0:01:37"]

1. d4 Nf6 2. Nf3 g6 3. Bg5 Bg7 4. c3 O-O 5. Nbd2 d6 6. e4 Qe8 7. Qc2 e5 8. dxe5 dxe5 9. Be2 h6 10. Bh4 Nh5 11. O-O Nf4 12. Bc4 Kh8 13. Rfe1 Nd7 14. Nf1 Nb6 15. Bb3 a5 16. a4 Bg4 17. Ne3 Bxf3 18. gxf3 Qd7 19. Bg3 Qh3 20. Bxf4 exf4 21. Nd5 Qxf3 22. Nxc7 Qh3 23. Kh1 Be5 0-1


[Site "https://www.chess.com"]

[Event "Titled Tuesday Blitz October 11 Late 2022"]
[White "Bjelobrk, Igor"]
[Black "Fernandez Siles, Luis"]
[WhiteFideId "4300726"]
[BlackFideId "2209420"]
[WhiteElo "2335"]
[BlackElo "2186"]
[Result "1-0"]
[Round "03"]
[TimeControl "180+1"]
[Date "2022.10.12"]
[WhiteClock "0:00:06"]
[BlackClock "0:00:01"]

1. Nf3 Nf6 2. g3 g6 3. Bg2 Bg7 4. c4 O-O 5. O-O d6 6. d4 c6 7. Nc3 Qa5 8. e4 e5 9. h3 exd4 10. Nxd4 Qc5 11. Nde2 Be6 12. b3 Qh5 13. g4 Bxg4 14. hxg4 Nxg4 15. Bf4 Be5 16. Qd2 g5 17. Bxe5 dxe5 18. Rfd1 Na6 19. Ng3 Qh2+ 20. Kf1 f6 21. Qe2 h5 22. Na4 f5 23. Nxf5 b5 24. cxb5 cxb5 25. Qxb5 Qf4 26. Qe2 Nb4 27. Nc3 Rac8 28. Nd5 Qh2 29. Nxb4 Rc3 30. Rd6 Qf4 31. Rg6+ Kh8 32. Rd1 Nh2+ 33. Kg1 g4 34. Rh6+ Kg8 35. Rxh5 Nf3+ 36. Kh1 1-0


[Site "https://www.chess.com"]

[Event "Titled Tuesday Blitz October 11 Late 2022"]
[White "Bluebaum, Matthias"]
[Black "Erdogdu, Mert"]
[WhiteFideId "24651516"]
[BlackFideId "6301495"]
[WhiteElo "2633"]
[BlackElo "2413"]
[Result "1-0"]
[Round "03"]
[TimeControl "180+1"]
[Date "2022.10.11"]
[WhiteClock "0:00:10"]
[BlackClock "0:00:03"]

1. d4 d6 2. Nf3 g6 3. c4 Bg7 4. Nc3 Nf6 5. e4 O-O 6. Be2 e5 7. Be3 Ng4 8. Bg5 f6 9. Bh4 Nc6 10. d5 Ne7 11. Nd2 Nh6 12. f3 c5 13. dxc6 bxc6 14. b4 Be6 15. Bf2 d5 16. cxd5 cxd5 17. Nb3 d4 18. Na4 Kh8 19. O-O Qd6 20. Nbc5 Bg8 21. a3 g5 22. Rc1 Ng6 23. Bc4 Bxc4 24. Rxc4 Nf4 25. Nd3 f5 26. Nac5 Nxd3 27. Qxd3 g4 28. fxg4 fxg4 29. Rcc1 Nf7 30. Bh4 Rac8 31. Kh1 Qg6 32. Rf2 Ng5 33. Rxf8+ Rxf8 34. Re1 Ne6 35. Qc4 Nf4 36. Rf1 h5 37. Bg3 Rf6 38. Qb5 a6 39. Qc4 Kh7 40. a4 Qg5 41. Nd7 Rd6 42. Nxe5 Bxe5 43. Bxf4 Bxf4 44. Qf7+ Kh6 45. Qf8+ Qg7 46. Qxf4+ Kh7 47. Qxd6 1-0


[Site "https://www.chess.com"]

[Event "Titled Tuesday Blitz October 11 Late 2022"]
[White "Bogaudinov, Rushan"]
[Black "Koziorowicz, Michal"]
[WhiteFideId "4129288"]
[BlackFideId "21809194"]
[WhiteElo "1945"]
[BlackElo "2220"]
[Result "0-1"]
[Round "03"]
[TimeControl "180+1"]
[Date "2022.10.12"]
[WhiteClock "0:00:23"]
[BlackClock "0:00:43"]

1. d4 e6 2. Nf3 Nf6 3. g3 c5 4. c3 d5 5. Bg2 Nc6 6. O-O Be7 7. dxc5 Bxc5 8. b4 Be7 9. a3 O-O 10. Bb2 a6 11. Nbd2 e5 12. Re1 e4 13. Nd4 Nxd4 14. cxd4 Qb6 15. Nb3 Bd6 16. Nc5 a5 17. Qb3 Be6 18. e3 Rfd8 19. Rec1 Bd7 20. Bc3 a4 21. Qa2 Bb5 22. Bf1 Bxf1 23. Rxf1 Qb5 24. Rfe1 b6 25. Nb7 Rd7 26. Nxd6 Rxd6 27. Qe2 Qxe2 28. Rxe2 Rc8 29. Bb2 Rdc6 30. h3 Ne8 31. Kf1 Nd6 32. Ke1 Rc2 33. Rb1 Rxe2+ 34. Kxe2 Rc2+ 35. Ke1 Nc4 36. Bc1 b5 37. Ra1 f5 38. Kf1 Kf7 39. Ke1 g5 40. Kf1 Ke6 41. g4 Kf6 42. Kg1 Kg6 43. Kg2 h5 44. Kg3 Re2 45. Kg2 fxg4 46. hxg4 hxg4 47. Kg3 Kf5 48. Rb1 Re1 49. Ra1 Nd2 50. Bb2 Rxa1 51. Bxa1 Nc4 52. Kg2 Nxa3 53. Kf1 Nc4 54. Ke2 g3 55. fxg3 Kg4 56. Kf2 Kh3 57. Bc3 g4 58. Ba1 a3 59. Bc3 a2 60. Ba1 Na3 61. Bb2 Nc2 62. Bc3 Nxb4 63. Ba1 Nc2 64. Bb2 b4 65. Ke2 b3 66. Kd2 Kxg3 67. Kc3 a1=N 68. Bxa1 Nxa1 69. Kb2 Nc2 70. Kxb3 Nxe3 71. Kb4 Kf3 72. Kc5 g3 73. Kd6 g2 74. Ke5 g1=Q 75. Kf6 Qg4 76. Kf7 Qf5+ 77. Kg7 Qe6 78. Kf8 Qd7 79. Kg8 Nf5 0-1


[Site "https://www.chess.com"]

[Event "Titled Tuesday Blitz October 11 Late 2022"]
[White "Bongo Akanga Ndjila, Barthelemy"]
[Black "Bortnyk, Mykola"]
[WhiteFideId "10609431"]
[BlackFideId "14120836"]
[WhiteElo "1768"]
[BlackElo "2582"]
[Result "0-1"]
[Round "03"]
[TimeControl "180+1"]
[Date "2022.10.12"]
[WhiteClock "0:00:10"]
[BlackClock "0:01:23"]

1. d4 b5 2. a4 b4 3. Nd2 Bb7 4. b3 g6 5. Ngf3 Bg7 6. Bb2 c5 7. Nc4 Nc6 8. e3 cxd4 9. exd4 d5 10. Nce5 a6 11. Nxc6 Bxc6 12. Bd3 Nf6 13. O-O O-O 14. Re1 Bb7 15. Qe2 Ne4 16. Ne5 f6 17. Ng4 Qb6 18. f3 f5 19. Nf2 Bxd4 20. Bxd4 Qxd4 21. fxe4 fxe4 22. Qe3 Qxe3 23. Rxe3 exd3 24. Nxd3 Rac8 25. Rc1 Rc7 26. Nxb4 Rfc8 27. Re2 a5 28. Nd3 Ba6 29. Rd1 Rxc2 30. Rxc2 Rxc2 31. Ne5 e6 32. Re1 Rc3 33. Ng4 Kf7 34. Nh6+ Ke7 35. Rb1 Bd3 36. Rb2 Rc1+ 37. Kf2 Rc2+ 38. Rxc2 Bxc2 39. Ng4 Bxb3 40. Ke3 Bxa4 41. Kd4 Bb5 42. Kc5 a4 43. Kb4 d4 44. Ne5 Kd6 45. Nf3 Kd5 46. Nd2 Be8 47. g3 e5 48. Nf1 e4 49. h4 e3 0-1


[Site "https://www.chess.com"]

[Event "Titled Tuesday Blitz October 11 Late 2022"]
[White "Bortnyk, Olexandr"]
[Black "Dardha, Daniel"]
[WhiteFideId "14120828"]
[BlackFideId "240990"]
[WhiteElo "2723"]
[BlackElo "2528"]
[Result "1-0"]
[Round "03"]
[TimeControl "180+1"]
[Date "2022.10.11"]
[WhiteClock "0:00:04"]
[BlackClock "0:00:02"]

1. e4 e5 2. Nf3 Nc6 3. Bb5 Nf6 4. Qe2 Bd6 5. c3 O-O 6. d3 h6 7. Nbd2 Re8 8. Nc4 a6 9. Nxd6 cxd6 10. Ba4 d5 11. O-O d6 12. h3 Be6 13. Rd1 b5 14. Bc2 Qc7 15. Be3 dxe4 16. dxe4 d5 17. exd5 Nxd5 18. Rxd5 Bxd5 19. Qd3 e4 20. Qxd5 exf3 21. Qf5 g6 22. Qxf3 Ne5 23. Qf4 h5 24. Bd4 Rad8 25. Kh1 Qd6 26. Bb3 Nc4 27. Qh6 f6 28. Qxg6+ Kf8 29. Bxf6 Rd7 30. Bxc4 bxc4 31. Bg7+ Kg8 32. Qxe8+ Kxg7 33. Qxh5 Qf4 34. Qg4+ Qxg4 35. hxg4 Rd2 36. b3 Rxf2 37. bxc4 Rc2 38. Rb1 Rxc3 39. Rb7+ Kg6 40. Rb6+ Kg5 41. Rxa6 Kxg4 42. Kh2 Rxc4 43. a4 Rc2 44. Ra8 Ra2 45. a5 Ra3 46. a6 Ra5 47. a7 Rxa7 48. Rxa7 1-0


[Site "https://www.chess.com"]

[Event "Titled Tuesday Blitz October 11 Late 2022"]
[White "Boyer, Mahel"]
[Black "Nozdrachev, Leonid"]
[WhiteFideId "45102422"]
[BlackFideId "24113433"]
[WhiteElo "2454"]
[BlackElo "2249"]
[Result "0-1"]
[Round "03"]
[TimeControl "180+1"]
[Date "2022.10.12"]
[WhiteClock "0:00:04"]
[BlackClock "0:00:26"]

1. e4 d6 2. d4 Nf6 3. Bd3 e5 4. c3 Be7 5. Ne2 O-O 6. O-O a5 7. h3 a4 8. Be3 Re8 9. Nd2 a3 10. b4 Nbd7 11. Ng3 d5 12. f4 dxe4 13. Ndxe4 Nd5 14. Bd2 exf4 15. Bxf4 Nxf4 16. Rxf4 Nf6 17. Qf3 Be6 18. Rf1 Bxa2 19. Nf5 Bd5 20. Nxg7 Kxg7 21. Qg3+ Kh8 22. Rxf6 Bxe4 23. Rxf7 Rg8 24. Qe5+ Bf6 25. Bxe4 Rxg2+ 26. Kxg2 Bxe5 27. Rxh7+ Kg8 28. dxe5 a2 29. Rff7 Qg5+ 30. Kf2 a1=Q 31. Bd5 Qag1+ 32. Ke2 Q5e3# 0-1


[Site "https://www.chess.com"]

[Event "Titled Tuesday Blitz October 11 Late 2022"]
[White "Burke, Paul"]
[Black "Arnold, Ken"]
[WhiteFideId "2605767"]
[BlackFideId "2056836"]
[WhiteElo "1872"]
[BlackElo "2350"]
[Result "1/2-1/2"]
[Round "03"]
[TimeControl "180+1"]
[Date "2022.10.12"]
[WhiteClock "0:00:12"]
[BlackClock "0:00:20"]

1. e4 c6 2. d4 d5 3. exd5 cxd5 4. c4 Nf6 5. Nc3 Nc6 6. Nf3 Bg4 7. Be2 e6 8. O-O Be7 9. c5 O-O 10. a3 Ne4 11. Na4 Bf6 12. Be3 Qd7 13. b4 Bxf3 14. Bxf3 Rfd8 15. Rc1 Nxd4 16. Bxd4 Bxd4 17. Qxd4 Qxa4 18. Ra1 Nf6 19. Rfc1 a5 20. g3 h6 21. h3 axb4 22. axb4 Qb3 23. Bg2 Ra2 24. Rab1 Qa4 25. Ra1 Ra8 26. Rxa2 Qxa2 27. b5 Ra4 28. Qe5 Rc4 29. Rxc4 Qxc4 30. Qb8+ Kh7 31. Qxb7 Qc1+ 32. Kh2 Qxc5 33. Qxf7 Qxf2 34. Qxe6 Ne4 35. Qg4 Qb2 36. Qf5+ Kg8 37. Qxd5+ Kh8 38. Qxe4 Qxb5 39. Qa8+ Kh7 40. Qe4+ Kh8 41. Qa8+ Kh7 42. Qe4+ Kh8 1/2-1/2


[Site "https://www.chess.com"]

[Event "Titled Tuesday Blitz October 11 Late 2022"]
[White "Cabarkapa, Novak"]
[Black "Sarana, Alexey"]
[WhiteFideId "943746"]
[BlackFideId "24133795"]
[WhiteElo "2390"]
[BlackElo "2689"]
[Result "0-1"]
[Round "03"]
[TimeControl "180+1"]
[Date "2022.10.11"]
[WhiteClock "0:00:06"]
[BlackClock "0:00:09"]

1. e4 c5 2. a3 Nc6 3. b4 Nf6 4. b5 Nd4 5. c3 Ne6 6. e5 Nd5 7. Qb3 Ndc7 8. Nf3 d6 9. Bc4 d5 10. Bf1 c4 11. Qb4 Qd7 12. d3 Qxb5 13. dxc4 dxc4 14. Bxc4 Qc6 15. O-O a5 16. Qb3 b5 17. Bd3 Nc5 18. Qc2 Nxd3 19. Qxd3 e6 20. Bg5 Bb7 21. Rd1 Qd5 22. Qe2 Qe4 23. Qxe4 Bxe4 24. Nbd2 Bd5 25. Rdc1 h6 26. Be3 Be7 27. c4 bxc4 28. Nxc4 Bxc4 29. Rxc4 Nd5 30. Bc5 Bxc5 31. Rxc5 Kd7 32. g3 Rhc8 33. Rac1 a4 34. Nd4 Rab8 35. Nb5 Rxc5 36. Rxc5 Rb6 37. Kg2 Rc6 38. Rxc6 Kxc6 39. Nd6 Nc3 40. Kf3 Nb5 41. Nc4 Kd5 42. Nb6+ Kxe5 43. Nxa4 Nxa3 44. Nc5 Nb5 45. Nd3+ Kd6 46. h4 Nc3 47. Nf4 Ke5 48. Nd3+ Kd4 49. Nf4 Nd5 50. Ne2+ Kd3 51. Nc1+ Kc2 52. Ne2 Kd2 53. Nd4 Kd3 54. Nc6 f6 55. Nd8 Nc7 56. h5 Kc4 57. Ke4 Kc5 58. Nb7+ Kc6 59. Na5+ Kb5 60. Nb3 Kc4 61. Na5+ Kc5 62. Nb3+ Kd6 63. Nd4 Nd5 64. Nb5+ Ke7 65. Nd4 Kf7 66. Nc6 Nb6 67. Nd8+ Ke7 68. Nc6+ Kd7 69. Nd4 Nc8 70. Nf3 Nd6+ 71. Kf4 e5+ 72. Kg4 Ke6 73. Nh4 f5+ 74. Kf3 Kf6 75. g4 f4 76. Ng6 Ke6 77. Nh4 Kf7 78. Ng6 Kf6 79. Nh4 Nb5 80. Ng6 Nc3 81. Nf8 Nd5 82. Ke4 Nc3+ 83. Kf3 Nb5 84. Ke4 Nd6+ 85. Kd5 Nf7 86. Nd7+ Kg5 87. Nxe5 Nxe5 88. Kxe5 Kxg4 89. Ke4 f3 90. Ke3 Kxh5 91. Kxf3 Kg5 92. Kg3 Kf5 93. Kf3 g5 94. Kg3 h5 95. Kf3 Ke5 96. Ke3 g4 97. Ke2 Ke4 98. Kf1 Kf3 99. Kg1 h4 100. Kf1 h3 101. Kg1 Ke2 102. Kh2 Kxf2 103. Kh1 Kf3 104. Kh2 g3+ 0-1


[Site "https://www.chess.com"]

[Event "Titled Tuesday Blitz October 11 Late 2022"]
[White "Carbone, Diego"]
[Black "Dilanyan, Grigor"]
[WhiteFideId "3002179"]
[BlackFideId "13303570"]
[WhiteElo "2243"]
[BlackElo "2264"]
[Result "0-1"]
[Round "03"]
[TimeControl "180+1"]
[Date "2022.10.12"]
[WhiteClock "0:00:04"]
[BlackClock "0:00:10"]

1. d4 Nf6 2. c4 c5 3. d5 b5 4. cxb5 a6 5. bxa6 g6 6. Nc3 Bg7 7. e4 O-O 8. e5 Ne8 9. h4 Bxe5 10. Bh6 Ng7 11. Nf3 Bf6 12. Qd2 d6 13. Ne4 Re8 14. Bd3 Bg4 15. Kf1 Nxa6 16. Re1 Nc7 17. Bc4 Nf5 18. Bg5 Bxf3 19. gxf3 h5 20. Rg1 Bg7 21. a3 Ra4 22. Qd3 Bxb2 23. Bc1 Bxc1 24. Rxc1 Qa8 25. Nc3 Rxa3 26. Qxf5 Rxc3 27. Rxg6+ fxg6 28. Qxg6+ Kf8 29. Qh6+ Kf7 30. Qxh5+ Kf6 31. Qg5+ Kf7 32. Qf5+ Kg7 33. Qg5+ Kh7 34. Rxc3 Qa1+ 35. Rc1 Qd4 36. Be2 Nxd5 37. Qh5+ Kg7 38. Qxe8 Qxh4 39. Ke1 Qh1+ 40. Kd2 Qh6+ 41. Kc2 Qh7+ 42. Bd3 Nb4+ 43. Kb2 Nxd3+ 44. Kb1 Nxc1+ 45. Kxc1 Qh6+ 46. Kc2 Qg6+ 47. Qxg6+ Kxg6 48. Kd3 Kf5 49. Ke3 d5 50. f4 e6 51. Kf3 d4 52. Ke2 Kxf4 53. Kd3 e5 54. Kc4 Kf3 55. Kxc5 d3 56. Kc4 d2 57. Kd5 d1=Q+ 58. Kxe5 Qe2+ 0-1


[Site "https://www.chess.com"]

[Event "Titled Tuesday Blitz October 11 Late 2022"]
[White "Castella Garcia, Fausto"]
[Black "Ernst, Sipke"]
[WhiteFideId "3501922"]
[BlackFideId "1004689"]
[WhiteElo "2246"]
[BlackElo "2438"]
[Result "1-0"]
[Round "03"]
[TimeControl "180+1"]
[Date "2022.10.12"]
[WhiteClock "0:00:14"]
[BlackClock "0:00:07"]

1. e4 e5 2. Nf3 Nc6 3. Bb5 a6 4. Ba4 Nf6 5. d4 exd4 6. O-O Nxe4 7. Re1 d5 8. Nxd4 Bd6 9. Nxc6 Bxh2+ 10. Kh1 Qh4 11. Rxe4+ dxe4 12. Qd8+ Qxd8 13. Nxd8+ Kxd8 14. Kxh2 Be6 15. Be3 b5 16. Bb3 Bxb3 17. axb3 Kd7 18. Nc3 Rhe8 19. g4 Kc6 20. b4 f6 21. Kg3 Re5 22. Bd4 Re7 23. Kf4 a5 24. bxa5 b4 25. Nxe4 Kd5 26. Ng3 c5 27. Be3 Kc6 28. Nf5 g5+ 29. Kf3 Rea7 30. Rd1 Rxa5 31. Rd6+ Kb5 32. Rxf6 Ra2 33. Nd6+ Kc6 34. Ne4+ Kb5 35. Bxc5 Rxb2 36. Rb6+ Kc4 37. Be7 Ra4 38. Rc6+ Kb5 39. Rc5+ Kb6 40. Bd8+ Ka6 41. Nd6 Ra3+ 42. Kg2 Rc3 43. Ra5# 1-0


[Site "https://www.chess.com"]

[Event "Titled Tuesday Blitz October 11 Late 2022"]
[White "Chigaev, Maksim"]
[Black "Kouskoutis, Georgios-Alexandros"]
[WhiteFideId "4108116"]
[BlackFideId "4234049"]
[WhiteElo "2537"]
[BlackElo "2187"]
[Result "0-1"]
[Round "03"]
[TimeControl "180+1"]
[Date "2022.10.12"]
[WhiteClock "0:00:02"]
[BlackClock "0:00:05"]

1. Nf3 d5 2. c4 d4 3. b4 f6 4. e3 dxe3 5. fxe3 e5 6. a3 e4 7. Nd4 f5 8. Bb2 Nf6 9. Be2 g6 10. c5 Bg7 11. Qb3 Nc6 12. Nxc6 bxc6 13. Bc4 Qe7 14. Nc3 Ng4 15. h3 Qh4+ 16. Kd1 Nf2+ 17. Kc2 Nxh1 18. Rxh1 Qe7 19. Rf1 a5 20. Qa4 Bd7 21. g4 Rf8 22. gxf5 Rxf5 23. Rxf5 gxf5 24. Ba2 Be5 25. Qb3 O-O-O 26. Qc4 Kb7 27. bxa5 Ra8 28. a4 Kc8 29. a6 f4 30. Qxe4 fxe3 31. dxe3 Qxc5 32. Bc4 Bxc3 33. Kxc3 Qa5+ 34. Kd4 Qb6+ 35. Kc3 Qa5+ 36. Kd4 Qb4 37. Bc3 Qd6+ 38. Bd5 Qxd5+ 39. Qxd5 cxd5 0-1


[Site "https://www.chess.com"]